 Dungeon Crawl Stone Soup version 0.27.1-4-g1640c2035a (webtiles) character file.

Game seed: 11569666875552255625

2435 swappor the Cleaver (level 9, -1/118 HPs)
             Began as a Minotaur Berserker on Nov 11, 2021.
             Was a Priest of Trog.
             Shot with a bolt by an orc warrior (8 damage)
             ... in a bailey.
             The game lasted 00:42:48 (8224 turns).

swappor the Cleaver (Minotaur Berserker)            Turns: 8224, Time: 00:42:48

Health: -1/118     AC: 19    Str: 25    XL:     9   Next: 24%
Magic:  8/8        EV: 12    Int:  4    God:    Trog [***...]
Gold:   239        SH:  9    Dex: 10    Spells: 8/8 levels left

rFire    . . .     SeeInvis .   E - +0 demon whip (vamp)
rCold    . . .     Faith    .   z - +0 buckler
rNeg     + . .     Spirit   .   H - +6 scale mail "Dutidosm" {rN+}
rPois    .         Reflect  +   (helmet restricted)
rElec    .         Harm     .   (no cloak)
rCorr    +         Rampage  .   k - +0 pair of gloves
Will     ++...                  (no boots)
Stlth    ..........             C - amulet of reflection
HPRegen  1.29/turn              j - ring of resist corrosion
MPRegen  0.11/turn              y - +4 ring of protection

@: berserking, strong-willed, regenerating, very quick
A: horns 2, retaliatory headbutt
a: Renounce Religion, Berserk, Trog's Hand


You were in a bailey.
You worshipped Trog.
Trog was most pleased with you.
You visited 2 branches of the dungeon, and saw 9 of its levels.
You also visited: Bailey.

You collected 239 gold pieces.

Inventory:

Hand Weapons
 n - a +0 war axe
 E - a +0 vampiric demon whip (weapon)
Missiles
 g - 111 stones
 t - 8 poisoned darts (quivered)
Armour
 k - a +0 pair of gloves (worn)
 v - a +1 ring mail of poison resistance
 z - a +0 buckler (worn)
 H - the +6 scale mail "Dutidosm" (worn) {rN+}
   (You took it off an orc on level 7 of the Dungeon)

   rN:        It protects you from negative energy.
Jewellery
 j - a ring of resist corrosion (left hand)
 y - a +4 ring of protection (right hand)
 C - an amulet of reflection (around neck)
Wands
 D - a wand of iceblast (8)
 I - a wand of flame (10)
Scrolls
 b - a scroll of holy word
 c - a scroll of vulnerability {unknown}
 e - a scroll of summoning {unknown}
 h - a scroll of silence {unknown}
 m - 3 scrolls of identify
 p - a scroll of amnesia
 q - a scroll of fear {unknown}
 s - 3 scrolls of fog
 w - a scroll of immolation
 x - a scroll of blinking {unknown}
 F - 2 scrolls of noise {unknown}
 G - a scroll of enchant weapon {unknown}
Potions
 a - 3 potions of curing
 d - a potion of resistance {unknown}
 f - 5 potions of flight
 i - 2 potions of degeneration {unknown}
 l - 2 potions of attraction {unknown}
 o - a potion of mutation {unknown}
 r - 2 potions of lignification
 u - a potion of berserk rage
 A - a potion of brilliance {unknown}
 B - a potion of heal wounds {unknown}


   Skills:
 + Level 7.1 Fighting
 - Level 8.5(8.9) Axes
 * Level 4.1(6.8) Maces & Flails
 + Level 6.6 Armour
 + Level 6.1 Dodging
 + Level 3.4 Shields
 + Level 2.6 Evocations


You had 8 spell levels left.
You didn't know any spells.
Your spell library was empty.

Dungeon Overview and Level Annotations

Branches:
Dungeon (8/15)             Temple (1/1) D:4          Bailey (1/1)
   Lair: D:8-11

Altars:
Ashenzari
Cheibriados
Dithmenos
Elyvilon
Fedhas
Gozag
Hepliaklqana
Kikubaaqudgha
Okawaru
Qazlal
Ru
Sif Muna
Trog
Uskayaw
Vehumet
Wu Jian
Xom
Yredelemnul
Zin
The Shining One
Jiyva

Shops:
D:3 =   D:5 *


Innate Abilities, Weirdness & Mutations

You have a pair of horns on your head.
You reflexively headbutt those who attack you in melee.


Message History

The orc knight roars a battlecry!
The orc knight goes into a battle-frenzy!
The orc warrior suddenly cheers.
The orc warrior shoots a bolt.
The bolt hits you.
* * * LOW HITPOINT WARNING * * *
Your Fighting skill increases to level 7!
Your base Maces & Flails skill increases to level 4!
Your Dodging skill increases to level 6!
Your Shields skill increases to level 3!
The orc warrior hits you with a +0 halberd.
* * * LOW HITPOINT WARNING * * *
You whack the orc warrior! Your headbutt misses the orc warrior.
The orc warrior is moderately wounded.
The orc warrior no longer looks unusually strong.
The orc knight roars a battlecry!
The orc warrior goes into a battle-frenzy!
The orc warrior shoots a bolt.
You reflect the bolt off an invisible shield around you!
The bolt closely misses the orc warrior.
You completely miss the orc warrior. You headbutt the orc warrior!
The orc warrior is severely wounded.
The orc warrior closely misses you.
You hit the orc warrior but do no damage.
You headbutt the orc warrior!
You kill the orc warrior!
Trog accepts your kill. You block the orc knight's attack.
The orc warrior shoots a bolt.
You reflect the bolt off an invisible shield around you!
The bolt closely misses the orc warrior.
You whack the orc knight!
You feel better.
The orc knight is lightly wounded.
The orc warrior shoots a bolt.
The bolt hits you!
* * * LOW HITPOINT WARNING * * *
Unknown command.
You are too berserk!
You barely miss the orc knight. You headbutt the orc knight.
The orc knight is moderately wounded.
You block the orc knight's attack.
The orc warrior shoots a bolt.
The bolt hits you!
You die...

### ##∩## #.∩.#
#)@.#
≈o≈≈..o..).≈≈o≈≈
.oo≈.......≈o∩.≈
≈o≈≈......o≈≈)≈≈
≈≈≈..#...#..≈≈≈.
....##...##.....
#### ##∩## #####
###


You could see 3 orc knights, 4 orc warriors and an orc (strong).

Vanquished Creatures
  An orc knight (Bailey)
  A steam dragon (D:7)
  A water moccasin (D:6)
  An ice beast (D:7)
  An orc warrior (Bailey)
  A black bear (D:6)
  2 necrophages
  An ogre (D:7)
  A centaur (D:7)
  A phantom (D:7)
  3 bullfrogs
  A scorpion (D:5)
  A wyvern zombie (D:6)
  A howler monkey (D:7)
  3 jellies
  A hound (D:6)
  2 bullfrog skeletons
  4 centaur skeletons
  An orc priest (D:4)
  7 iguanas
  An orc wizard (D:5)
  A killer bee zombie (D:7)
  A hound skeleton (D:4)
  A howler monkey zombie (D:7)
  4 adders
  7 gnolls
  A howler monkey skeleton (D:6)
  A shadow imp (D:6)
  2 white imps (D:7)
  2 adder skeletons (D:4)
  2 worms
  2 dart slugs
  11 orcs
  4 bats
  6 endoplasms
  A giant cockroach (D:1)
  7 goblins
  4 hobgoblins
  4 jackals
  A quokka (D:2)
  6 ball pythons
  3 frilled lizards
  5 kobolds
  7 rats
119 creatures vanquished.

Notes
Turn   | Place    | Note
-------+----------+-------------------------------------------
     0 | D:1      | swappor the Minotaur Berserker began the quest for the Orb.
     0 | D:1      | Reached XP level 1. HP: 19/19 MP: 0/0
   467 | D:1      | Reached XP level 2. HP: 27/27 MP: 1/1
   494 | D:1      | Reached skill level 4 in Axes
   810 | D:2      | Reached XP level 3. HP: 31/33 MP: 2/2
  1341 | D:2      | Reached ** piety under Trog
  2061 | D:3      | Reached XP level 4. HP: 24/40 MP: 3/3
  2278 | D:3      | Reached skill level 5 in Axes
  2586 | D:3      | Found Sissaci's Jewellery Boutique.
  2592 | D:3      | Found an iron altar of Okawaru.
  2831 | D:3      | Found a snail-covered altar of Cheibriados.
  3232 | D:4      | Found a staircase to the Ecumenical Temple.
  3284 | D:4      | Reached XP level 5. HP: 40/47 MP: 4/4
  3544 | D:4      | Found an ornate altar of the Wu Jian Council.
  3667 | D:4      | Reached XP level 6. HP: 55/55 MP: 5/5
  3675 | D:4      | Reached skill level 6 in Axes
  3683 | D:4      | Found a bloodstained altar of Trog.
  4017 | D:4      | Reached skill level 5 in Fighting
  4323 | Temple   | Entered the Ecumenical Temple
  4479 | D:5      | Entered Level 5 of the Dungeon
  4520 | D:5      | Reached XP level 7. HP: 61/61 MP: 6/6
  4662 | D:5      | Reached skill level 7 in Axes
  4902 | D:5      | Reached skill level 5 in Armour
  5037 | D:5      | Found Aporch's General Store.
  5561 | D:6      | Reached *** piety under Trog
  5997 | D:6      | Reached skill level 5 in Dodging
  5997 | D:6      | Reached XP level 8. HP: 69/70 MP: 7/7
  6118 | D:6      | Reached skill level 8 in Axes
  6234 | D:6      | Reached skill level 1 in Shields
  6618 | D:7      | Reached skill level 1 in Evocations
  6882 | D:7      | Reached skill level 1 in Maces & Flails
  7148 | D:7      | Identified the +6 scale mail "Dutidosm" {rN+}
  7525 | D:7      | Found a white marble altar of Elyvilon.
  8005 | D:7      | Found a glowing silver altar of Zin.
  8006 | D:7      | Found an opulent altar of Gozag.
  8008 | D:7      | Found a sacrificial altar of Ru.
  8008 | D:7      | Found a broken altar of Ashenzari.
  8176 | D:8      | Found a flagged portal.
  8193 | D:8      | Reached XP level 9. HP: 78/78 MP: 8/8
  8205 | Bailey   | Entered a bailey
  8205 | Bailey   | Noticed an orc knight
  8205 | Bailey   | Noticed an orc knight
  8208 | Bailey   | Noticed an orc knight
  8210 | Bailey   | Noticed an orc knight
  8217 | Bailey   | HP: 1/117 [orc knight (27)]
  8218 | Bailey   | Killed an orc knight
  8224 | Bailey   | Shot with a bolt by an orc warrior

Illustrated notes

Levels and vault maps discovered:
D:1:      ebering_hopf_link, layout_basic
D:2:      layout_loops_ring
D:3:      layout_basic, mainiacjoe_overflow_alcove_4, okawaru_ov_weapons_minmay,
          serial_shops, shop
D:4:      layout_basic, nicolae_wu_jian_wuxing_cycle, lemuel_round_altar,
          minmay_temple_entry_wispy, roderic_nine_men_s_morris, minivault_11
D:5:      layout_rooms, serial_shops, shop, minmay_misc_feat_five
D:6:      layout_layer_cave
D:7:      layout_layer_cave, mainiacjoe_overflow_six_doors_small,
          mainiacjoe_overflow_alcove_3
D:8:      layout_basic, enter_bailey_3
Temple:   pf_slimified_temple
Bailey:   bailey_polearm_4, bailey

Skill      XL: |  1  2  3  4  5  6  7  8  9 |
---------------+----------------------------+-----
Axes           | 4 5 6 7 8 |  8.5
Fighting       | 4 5 6 7 |  7.1
Armour         | 3 4 5 6 |  6.6
Dodging        | 3 4 5 6 |  6.1
Shields        | 2 3 |  3.4
Evocations     | 2 |  2.6
Maces & Flails | 3 4 |  4.1

Action                   |  1- 3 |  4- 6 |  7- 9 || total
-------------------------+-------+-------+-------++-------
Melee: Hand axe          |    47 |       |       ||    47
       Headbutt          |    11 |    23 |    36 ||    70
       Spear             |    21 |    38 |       ||    59
       War axe           |       |    56 |    92 ||   148
       Demon whip        |       |       |    78 ||    78
Throw: Stone             |    62 |    43 |    61 ||   166
       Dart              |       |    17 |    30 ||    47
Invok: Berserk           |       |       |     1 ||     1
       Trog's Hand       |       |       |     1 ||     1
Evoke: Wand              |       |       |     6 ||     6
  Use: Potion            |     1 |       |     2 ||     3
       Scroll            |       |       |     5 ||     5
Armor: Animal skin       |    11 |     2 |       ||    13
       Ring mail         |       |    18 |    43 ||    61
       Scale mail        |       |       |    11 ||    11
Dodge: Dodged            |    31 |    46 |    63 ||   140
Block: Buckler           |       |     1 |    65 ||    66
       Reflection        |       |       |     3 ||     3
